TOP OF THE 1ST |
Allentown Hillbillies batting - Pitching for Birmingham Barons : RHP Michael Young
|
Pitching: RHP Michael Young
|
|
Batting: LHB António Salazar
|
0-0: Called Strike 0-1: Ball 1-1: SINGLE (Groundball, 5D)
|
Batting: RHB Dan Banks
|
0-0: Ball 1-0: Called Strike 1-1: Ball 2-1: Fly out, F9 (Flyball, 9S)
|
Batting: RHB Germano Labrego
|
0-0: Called Strike 0-1: Called Strike 0-2: Strikes out swinging
|
Batting: LHB John Hudson
|
0-0: Ball 1-0: Called Strike 1-1: Ball 2-1: Fly out, F8 (Flyball, 8LS)
|
Top of the 1st over - 0 run(s), 1 hit(s), 0 error(s), 1 left on base; Allentown 0 - Birmingham 0 |
BOTTOM OF THE 1ST |
Birmingham Barons batting - Pitching for Allentown Hillbillies : RHP Okura Oike
|
Pitching: RHP Okura Oike
|
|
Batting: SHB Tony Echevarría
|
0-0: Ball 1-0: Ground out U3 (Groundball, 3L)
|
Batting: RHB Dave Dawson
|
0-0: Hit by Pitch
|
Pinch Runner at 1st Jean-Paul St-Pierre:
|
|
Batting: RHB Juan Jiménez
|
0-0: Called Strike Jean-Paul St-Pierre steals 2nd base 0-1: Foul Ball, location: 2F 0-2: SINGLE (Groundball, 56D) Jean-Paul St-Pierre to third Runner from 3rd tries for Home, SAFE, no throw
|
Batting: RHB Warren Martin
|
0-0: Ball 1-0: Ball 2-0: Ball 3-0: Base on Balls Juan Jiménez to second
|
Batting: LHB Marc May
|
0-0: Ball Wild Pitch! Juan Jiménez to third Warren Martin to second 1-0: Ball 2-0: Ball 3-0: Fly out, F7 (Flyball, 7)
|
Batting: RHB Peyton Yardley
|
0-0: Fly out, F9 (Flyball, 9D)
|
Bottom of the 1st over - 1 run(s), 1 hit(s), 0 error(s), 2 left on base; Allentown 0 - Birmingham 1 |
TOP OF THE 2ND |
Allentown Hillbillies batting - Pitching for Birmingham Barons : RHP Michael Young
|
Now at 2B: Jean-Paul St-Pierre
|
|
Batting: RHB Carl Brown
|
0-0: Called Strike 0-1: Swinging Strike 0-2: Foul Ball, location: 2F 0-2: Strikes out swinging
|
Batting: LHB Marcos Vargas
|
0-0: Ball 1-0: Foul Ball, location: 2F 1-1: Foul Ball, location: 2F 1-2: Ball 2-2: Foul Ball, location: 2F 2-2: Ball 3-2: Foul Ball, location: 2F 3-2: Base on Balls
|
Batting: RHB Von Ford
|
0-0: Called Strike 0-1: SINGLE (Groundball, 34D) Marcos Vargas to second Runner from 2nd tries for 3rd, SAFE, throw made to third
|
Batting: RHB Marc Cox
|
0-0: 3-RUN HOME RUN (Flyball, 8RXD), Distance : 417 ft
|
Batting: RHB Joel Jackson
|
0-0: Called Strike 0-1: Swinging Strike 0-2: Ball 1-2: Foul Ball, location: 2F 1-2: Ball 2-2: Strikes out looking
|
Batting: LHB António Salazar
|
0-0: Called Strike 0-1: Foul Ball, location: 2F 0-2: Strikes out swinging
|
Top of the 2nd over - 3 run(s), 2 hit(s), 0 error(s), 0 left on base; Allentown 3 - Birmingham 1 |
BOTTOM OF THE 2ND |
Birmingham Barons batting - Pitching for Allentown Hillbillies : RHP Okura Oike
|
Batting: LHB John Haney
|
0-0: Ball 1-0: SINGLE (Flyball, 78S)
|
Batting: LHB José Rivera
|
0-0: 2-RUN HOME RUN (Flyball, 8RXD), Distance : 415 ft
|
Batting: RHB Vicente Elías
|
0-0: Ball 1-0: Ball 2-0: Swinging Strike 2-1: Foul Ball, location: 2F 2-2: Strikes out swinging
|
Batting: SHB Tony Echevarría
|
0-0: Fly out, F3 (Line Drive, 3)
|
Batting: RHB Jean-Paul St-Pierre
|
0-0: Called Strike 0-1: Ground out 6-3 (Groundball, 6)
|
Bottom of the 2nd over - 2 run(s), 2 hit(s), 0 error(s), 0 left on base; Allentown 3 - Birmingham 3 |
TOP OF THE 3RD |
Allentown Hillbillies batting - Pitching for Birmingham Barons : RHP Michael Young
|
Batting: RHB Dan Banks
|
0-0: Foul Ball, location: 2F 0-1: Swinging Strike 0-2: Ball 1-2: Ball 2-2: Ball 3-2: SINGLE (Line Drive, 34D)
|
Batting: RHB Germano Labrego
|
0-0: Foul Ball, location: 2F 0-1: Called Strike 0-2: Ball 1-2: Strikes out looking
|
Batting: LHB John Hudson
|
0-0: Called Strike 0-1: Ball 1-1: Called Strike 1-2: Ball 2-2: Ball 3-2: Base on Balls Dan Banks to second
|
Batting: RHB Carl Brown
|
0-0: Called Strike 0-1: Foul Ball, location: 2F 0-2: Strikes out swinging
|
Batting: LHB Marcos Vargas
|
0-0: Ball 1-0: Foul Ball, location: 2F 1-1: Called Strike 1-2: Ground out 4-3 (Groundball, 4M)
|
Top of the 3rd over - 0 run(s), 1 hit(s), 0 error(s), 2 left on base; Allentown 3 - Birmingham 3 |
BOTTOM OF THE 3RD |
Birmingham Barons batting - Pitching for Allentown Hillbillies : RHP Okura Oike
|
Batting: RHB Juan Jiménez
|
0-0: Ball 1-0: Called Strike 1-1: Foul Ball, location: 2F 1-2: Foul Ball, location: 2F 1-2: Foul Ball, location: 2F 1-2: Strikes out swinging
|
Batting: RHB Warren Martin
|
0-0: Called Strike 0-1: Called Strike 0-2: Ball 1-2: Ball 2-2: Ground out 4-3 (Groundball, 4M)
|
Batting: LHB Marc May
|
0-0: Swinging Strike 0-1: Foul Ball, location: 2F 0-2: Ball 1-2: SINGLE (Line Drive, 7LS)
|
Batting: RHB Peyton Yardley
|
0-0: Swinging Strike 0-1: Foul Ball, location: 2F 0-2: SINGLE (Line Drive, 6M) Marc May to second
|
Batting: LHB John Haney
|
0-0: Foul Ball, location: 2F 0-1: Ball 1-1: Swinging Strike 1-2: Ball 2-2: Ball 3-2: Base on Balls Marc May to third Peyton Yardley to second
|
Batting: LHB José Rivera
|
0-0: Ball 1-0: Ball 2-0: Ball 3-0: Called Strike 3-1: Called Strike 3-2: Strikes out swinging
|
Bottom of the 3rd over - 0 run(s), 2 hit(s), 0 error(s), 3 left on base; Allentown 3 - Birmingham 3 |
TOP OF THE 4TH |
Allentown Hillbillies batting - Pitching for Birmingham Barons : RHP Michael Young
|
Batting: RHB Von Ford
|
0-0: Ball 1-0: Reached on error, E4 (Groundball, 4)
|
Batting: RHB Marc Cox
|
0-0: Ball 1-0: Ball 2-0: Swinging Strike 2-1: Called Strike 2-2: Ball 3-2: Foul Ball, location: 2F 3-2: Strikes out swinging Von Ford is caught stealing 2nd base Batter strikes out.
|
Batting: RHB Joel Jackson
|
0-0: Foul Ball, location: 2F 0-1: Fly out, F6 (Popup, 5D)
|
Top of the 4th over - 0 run(s), 0 hit(s), 1 error(s), 0 left on base; Allentown 3 - Birmingham 3 |
BOTTOM OF THE 4TH |
Birmingham Barons batting - Pitching for Allentown Hillbillies : RHP Okura Oike
|
Batting: RHB Vicente Elías
|
0-0: Ball 1-0: Called Strike 1-1: TRIPLE (Flyball, 89M)
|
Batting: SHB Tony Echevarría
|
0-0: Reached on error, E4 (Groundball, 34) Vicente Elías scores
|
Batting: RHB Jean-Paul St-Pierre
|
0-0: Ball 1-0: Ball 2-0: Called Strike 2-1: Foul Ball, location: 2F 2-2: Ground out 5-3 (Groundball, 5)
|
Batting: RHB Juan Jiménez
|
0-0: Fly out, F8 (Flyball, 8RD) Runner from 2nd tags up, SAFE at 3rd, no throw
|
Batting: RHB Warren Martin
|
0-0: Called Strike 0-1: Ball 1-1: Ball 2-1: Ball 3-1: Fly out, F7 (Line Drive, 7S)
|
Bottom of the 4th over - 1 run(s), 1 hit(s), 1 error(s), 1 left on base; Allentown 3 - Birmingham 4 |
TOP OF THE 5TH |
Allentown Hillbillies batting - Pitching for Birmingham Barons : RHP Michael Young
|
Batting: LHB António Salazar
|
0-0: Called Strike 0-1: Ball 1-1: Swinging Strike 1-2: Ball 2-2: Strikes out looking
|
Batting: RHB Dan Banks
|
0-0: Foul Ball, location: 2F 0-1: Ground out 6-3 (Groundball, 6)
|
Batting: RHB Germano Labrego
|
0-0: Ball 1-0: Swinging Strike 1-1: Called Strike 1-2: Strikes out swinging
|
Top of the 5th over - 0 run(s), 0 hit(s), 0 error(s), 0 left on base; Allentown 3 - Birmingham 4 |
BOTTOM OF THE 5TH |
Birmingham Barons batting - Pitching for Allentown Hillbillies : RHP Okura Oike
|
Batting: LHB Marc May
|
0-0: Called Strike 0-1: Ball 1-1: Ball 2-1: Fly out, F6 (Popup, 6MD)
|
Batting: RHB Peyton Yardley
|
0-0: SOLO HOME RUN (Flyball, 7LD), Distance : 360 ft
|
Batting: LHB John Haney
|
0-0: Ball 1-0: Fly out, F8 (Line Drive, 8LS)
|
Batting: LHB José Rivera
|
0-0: Ball 1-0: Ball 2-0: Foul Ball, location: 2F 2-1: Called Strike 2-2: Ball 3-2: Foul Ball, location: 2F 3-2: Strikes out swinging
|
Bottom of the 5th over - 1 run(s), 1 hit(s), 0 error(s), 0 left on base; Allentown 3 - Birmingham 5 |
TOP OF THE 6TH |
Allentown Hillbillies batting - Pitching for Birmingham Barons : RHP Michael Young
|
Batting: LHB John Hudson
|
0-0: Foul Ball, location: 2F 0-1: Ball 1-1: Ball 2-1: SINGLE (Groundball, 4D)
|
Batting: RHB Carl Brown
|
0-0: Ball 1-0: Swinging Strike 1-1: Swinging Strike 1-2: 2-RUN HOME RUN (Flyball, 78XD), Distance : 397 ft
|
Pitching: RHP Rick Grant
|
|
Batting: LHB Marcos Vargas
|
0-0: Foul Ball, location: 2F 0-1: Ball 1-1: Foul Ball, location: 2F 1-2: Foul Ball, location: 2F 1-2: Strikes out swinging
|
Batting: RHB Von Ford
|
0-0: Ground out 6-3 (Groundball, 4MS)
|
Batting: RHB Marc Cox
|
0-0: Ground out 6-3 (Groundball, 6)
|
Top of the 6th over - 2 run(s), 2 hit(s), 0 error(s), 0 left on base; Allentown 5 - Birmingham 5 |
BOTTOM OF THE 6TH |
Birmingham Barons batting - Pitching for Allentown Hillbillies : RHP Okura Oike
|
Batting: RHB Vicente Elías
|
0-0: Reached on error, E6 (Groundball, 6)
|
Batting: SHB Tony Echevarría
|
0-0: Foul Ball, location: 2F 0-1: Called Strike 0-2: Strikes out swinging
|
Batting: RHB Jean-Paul St-Pierre
|
0-0: Called Strike 0-1: Swinging Strike 0-2: Fly out, F3 (Flyball, 3D)
|
Batting: RHB Juan Jiménez
|
0-0: Ball 1-0: Fly out, F7 (Flyball, 7)
|
Bottom of the 6th over - 0 run(s), 0 hit(s), 1 error(s), 1 left on base; Allentown 5 - Birmingham 5 |
TOP OF THE 7TH |
Allentown Hillbillies batting - Pitching for Birmingham Barons : RHP Rick Grant
|
Batting: RHB Joel Jackson
|
0-0: Called Strike 0-1: Foul Ball, location: 2F 0-2: Foul Ball, location: 2F 0-2: SINGLE (Groundball, 56S) (infield hit)
|
Batting: LHB António Salazar
|
0-0: Ball 1-0: Bunted foul 1-1: Ball 2-1: Sac Bunt - play at first, batter OUT! 1-4 Joel Jackson to second
|
Batting: RHB Dan Banks
|
0-0: Foul Ball, location: 2F 0-1: Ball 1-1: Ball 2-1: Foul Ball, location: 2F 2-2: Foul Ball, location: 2F 2-2: SINGLE (Groundball, 6MD) Joel Jackson to third Runner from 3rd tries for Home, SAFE, throw made home Dan Banks to second
|
Batting: RHB Germano Labrego
|
0-0: Ball 1-0: Swinging Strike 1-1: Called Strike 1-2: Foul Ball, location: 2F 1-2: Ball 2-2: Strikes out looking
|
Batting: LHB John Hudson
|
0-0: Called Strike 0-1: Foul Ball, location: 2F 0-2: Fly out, F8 (Flyball, 8RD)
|
Top of the 7th over - 1 run(s), 2 hit(s), 0 error(s), 1 left on base; Allentown 6 - Birmingham 5 |
BOTTOM OF THE 7TH |
Birmingham Barons batting - Pitching for Allentown Hillbillies : RHP Okura Oike
|
Batting: RHB Warren Martin
|
0-0: Called Strike 0-1: Fly out, F9 (Flyball, 9S)
|
Batting: LHB Marc May
|
0-0: Swinging Strike 0-1: Foul Ball, location: 2F 0-2: Ball 1-2: Fly out, F7 (Flyball, 7)
|
Batting: RHB Peyton Yardley
|
0-0: Foul Ball, location: 2F 0-1: Ball 1-1: Foul Ball, location: 2F 1-2: Strikes out looking
|
Bottom of the 7th over - 0 run(s), 0 hit(s), 0 error(s), 0 left on base; Allentown 6 - Birmingham 5 |
TOP OF THE 8TH |
Allentown Hillbillies batting - Pitching for Birmingham Barons : RHP Rick Grant
|
Batting: RHB Carl Brown
|
0-0: Ball 1-0: Ball 2-0: Called Strike 2-1: Ball 3-1: Base on Balls
|
Batting: LHB Marcos Vargas
|
0-0: Reached on error, E1 (Groundball, 15S) Carl Brown to second
|
Pinch Runner at 2nd Alfonso Ruíz:
|
|
Batting: RHB Von Ford
|
0-0: Foul Ball, location: 2F 0-1: Called Strike 0-2: Ball 1-2: Ball 2-2: Foul Ball, location: 2F 2-2: Foul Ball, location: 2F 2-2: Fielders Choice at 2nd, 4-6 (Groundball, 4) Alfonso Ruíz to third
|
Pitching: RHP Stanley Briggs
|
|
Batting: RHB Marc Cox
|
0-0: Ball 1-0: Ball 2-0: Called Strike 2-1: SINGLE (Flyball, 78S) Alfonso Ruíz scores Von Ford to second
|
Batting: RHB Joel Jackson
|
0-0: Foul Ball, location: 2F 0-1: Fly out, F7 (Flyball, 78D)
|
Batting: LHB António Salazar
|
0-0: Foul Ball, location: 2F 0-1: Ball Marc Cox steals 2nd base Von Ford to third 1-1: Ground out 3-1 (Groundball, 34)
|
Top of the 8th over - 1 run(s), 1 hit(s), 1 error(s), 2 left on base; Allentown 7 - Birmingham 5 |
BOTTOM OF THE 8TH |
Birmingham Barons batting - Pitching for Allentown Hillbillies : RHP Okura Oike
|
Pitching: RHP Jorge Ruíz
|
|
Now at 3B: Alfonso Ruíz
|
|
Batting: LHB John Haney
|
0-0: Ball 1-0: Ball 2-0: Foul Ball, location: 2F 2-1: Called Strike 2-2: Ball 3-2: Strikes out swinging
|
Batting: LHB José Rivera
|
0-0: Swinging Strike 0-1: Ball 1-1: Ball 2-1: Ball 3-1: Swinging Strike 3-2: Strikes out swinging
|
Batting: RHB Vicente Elías
|
0-0: Ball 1-0: Ball 2-0: Ball 3-0: Base on Balls
|
Pitching: RHP Pepe Fernández
|
|
Batting: SHB Tony Echevarría
|
0-0: Fly out, F4 (Line Drive, 4)
|
Bottom of the 8th over - 0 run(s), 0 hit(s), 0 error(s), 1 left on base; Allentown 7 - Birmingham 5 |
TOP OF THE 9TH |
Allentown Hillbillies batting - Pitching for Birmingham Barons : RHP Stanley Briggs
|
Batting: RHB Dan Banks
|
0-0: Ball 1-0: Called Strike 1-1: Called Strike 1-2: Strikes out looking
|
Batting: RHB Germano Labrego
|
0-0: Ball 1-0: Ground out 5-3 (Groundball, 56S)
|
Batting: LHB John Hudson
|
0-0: Ball 1-0: Called Strike 1-1: Ball 2-1: Ball 3-1: Base on Balls
|
Batting: LHB Alfonso Ruíz
|
0-0: Ball 1-0: Called Strike 1-1: Fly out, F7 (Flyball, 7S)
|
Top of the 9th over - 0 run(s), 0 hit(s), 0 error(s), 1 left on base; Allentown 7 - Birmingham 5 |
BOTTOM OF THE 9TH |
Birmingham Barons batting - Pitching for Allentown Hillbillies : RHP Pepe Fernández
|
Pitching: RHP Dale Downs
|
|
Batting: RHB Jean-Paul St-Pierre
|
0-0: Ball 1-0: Ball 2-0: Swinging Strike 2-1: Ball 3-1: Base on Balls
|
Pinch Hitting: RHB Carlos García
|
0-0: Ball 1-0: Ball 2-0: DOUBLE (Line Drive, 9LM) Jean-Paul St-Pierre to third
|
Batting: RHB Warren Martin
|
0-0: Ball 1-0: Called Strike 1-1: Called Strike 1-2: Ball 2-2: Ground out 6-3 (Groundball, 6) Jean-Paul St-Pierre scores Carlos García to third
|
Batting: LHB Marc May
|
0-0: Ball 1-0: Foul Ball, location: 2F 1-1: Ball 2-1: Ball Wild Pitch! Carlos García scores 3-1: Base on Balls
|
Pitching: LHP Nick Merrit
|
|
Pinch Runner at 1st Alberto Santos:
|
|
Pinch Hitting: RHB Yujiro Kurihara
|
0-0: Ball 1-0: Called Strike 1-1: Ball 2-1: Fly out, F3 (Popup, 3L)
|
Pinch Hitting: RHB Eric Johnson
|
0-0: Called Strike Alberto Santos steals 2nd base 0-1: Called Strike 0-2: SINGLE (Flyball, 8RS) Alberto Santos to third Runner from 3rd tries for Home, SAFE, no throw
|
Tuesday, August 8th, 2017 - OOTP Baseball 17.12 Build 75
|
|